 Dungeon Sprint DCSS version 0.19.4-10-g532645f (webtiles) character file.

43 equalderp2856 the Scratcher (level 3, 0/19 HPs)
             Began as a Felid Fighter on Feb 25, 2017.
             Slain by a siren
             ... wielding a +0 spear
              (2 damage)
             ... in the Dungeon (Sprint II: "The Violet Keep of Menkaure").
             The game lasted 00:00:38 (49 turns).

equalderp2856 the Scratcher (Felid Fighter)           Turns: 49, Time: 00:00:39

Health: 0/19       AC:  1    Str: 13    XL:     3   Next: 37%
Magic:  4/4        EV: 21    Int:  9    God:
Gold:   0          SH:  0    Dex: 15    Spells: 0 memorised, 2 levels left
                                        Lives:  0   Deaths: 1

rFire  . . .     SeeInvis +       - Unarmed
rCold  . . .     Gourm    .     (armour unavailable)
rNeg   . . .     Faith    .     (shield unavailable)
rPois  .         Spirit   .     (helmet unavailable)
rElec  .         Reflect  .     (cloak unavailable)
rCorr  .         Harm     .     (gloves unavailable)
MR     .....     NoTele   +     (boots unavailable)
Stlth  ++........               (no amulet)
                                (no ring)
                                (no ring)

@: mesmerised, quick
A: no armour, no weapons or thrown items, stealth, claws 1, fangs 3, see
invisible, carnivore 3, speed 1, shaggy fur 1, slow metabolism 1, sharp paws
a: no special abilities


You were in the Dungeon.
You were not hungry.

You visited 1 branch

Inventory:

Scrolls
 h - a scroll of blinking
Potions
 a - a potion of might
 e - a potion of haste
 f - 2 potions of magic
 g - a potion of berserk rage
Comestibles
 b - a meat ration


   Skills:
 + Level 4.9 Fighting
 + Level 6.5 Dodging
 + Level 7.8 Unarmed Combat


You had 2 spell levels left.
You didn't know any spells.

Dungeon Overview and Level Annotations

Branches:
Dungeon (1/1)

Altars:


Innate Abilities, Weirdness & Mutations

You cannot wear armour.
You are incapable of wielding weapons or throwing items.
Your paws allow you to move quietly. (Stealth)
You have sharp claws.
You have razor-sharp teeth.
You have supernaturally acute eyesight. (SInv)
You are carnivorous and can eat meat at any time.
You cover ground quickly.
You are covered in fur. (AC +1)
You have a slow metabolism.
Your sharp claws are effective at attacking unaware monsters.


Message History

You barely miss the siren. You bite the siren, but do no damage.
The siren is lightly wounded.
The siren chants a haunting song.
You are mesmerised by the siren!
You claw the siren!
The siren is heavily wounded.
The siren chants its luring song.
You closely miss the siren.
The siren is heavily wounded.
The siren chants its luring song.
You scratch the siren.
The siren is heavily wounded.
The siren chants its luring song.
You closely miss the siren.
The siren is heavily wounded.
The siren chants its luring song.
You barely miss the siren. Your bite misses the siren.
The siren is heavily wounded.
The siren hits you with a spear.
You die...

## ## ##.
.##
#..#..#
#$# ###
#+###.##
##†##...#
+.<.+.#$+
##.##.m@#
#+###.##
##


You could see a siren.

Vanquished Creatures
  4 worker ants (D)
4 creatures vanquished.

Vanquished Creatures (others)
  Menkaure (D)
  A crocodile (D)
2 creatures vanquished.

Grand Total: 6 creatures vanquished

Notes
Turn   | Place    | Note
-------+----------+-------------------------------------------
     0 | D        | equalderp2856 the Felid Fighter began the quest for the Orb.
     0 | D        | Reached XP level 1. HP: 10/10 MP: 2/2
     1 | D        | Noticed a worker ant
     1 | D        | Noticed a worker ant
    13 | D        | Killed a worker ant
    13 | D        | Reached skill level 5 in Dodging
    13 | D        | Reached skill level 6 in Unarmed Combat
    13 | D        | Reached XP level 2. HP: 5/15 MP: 3/3
    19 | D        | Killed Menkaure
    20 | D        | Reached XP level 3. HP: 10/18 MP: 4/4
    30 | D        | Killed a crocodile
    31 | D        | Reached skill level 7 in Unarmed Combat
    31 | D        | Reached XP level 4. HP: 3/22 MP: 5/5
    35 | D        | HP: 1/22 [poisoned by a worker ant]
    38 | D        | Succumbed to a worker ant's poison
    39 | D        | Reached XP level 3. HP: 0/19 MP: 4/4
    40 | D        | Noticed a siren
    49 | D        | Slain by a siren

Skill      XL: |  1  2  3 |
---------------+----------+-----
Dodging        | 5 6 |  6.5
Unarmed Combat | 6 7 |  7.8
Fighting       | 4 |  4.9

Action                   |  1- 3 |  4- 6 || total
-------------------------+-------+-------++-------
Melee: Unarmed           |    31 |     5 ||    36
       Punch             |     2 |       ||     2
       Bite              |     3 |       ||     3
  Use: Potion            |     2 |       ||     2
Armor: Skin              |     1 |       ||     1
Dodge: Dodged            |    18 |     4 ||    22
